General information
- name: BNet
- type: Ladder 1vs1/FFA
- host: Battle.net
- saver: 7.38
map: TidewaterGlades
- players: 2
- length: 21:16
- speed: Fast
- version: 1.26 W3XP
- replay type: Public
» download(76 KB)
Players
team 1 (loser)
LickMyAss (
pink | 143 APM | 3042 actions | 21:14)
3 Beastmaster
1 Summon Bear
2 Summon Hawk
2 Firelord
1 Incinerate
1 Summon Lava Spawn
1 Naga Sea Witch
1 Frost Arrows
» actions
| Assign group hotkey | 26 | |
| Build / train | 79 | |
| Enter build submenu | 18 | |
| Enter hero's abilities submenu | 7 | |
| Give item / drop item | 1 | |
| Remove unit from queue | 9 | |
| Right click | 1218 | |
| Select / deselect | 630 | |
| Select group hotkey | 981 | |
| Use ability | 73 | |
3042 total
» units
| Wisp | 27 | |
| Archer | 5 | |
| Glaive Thrower | 1 | |
| Huntress | 1 | |
| Druid of the Claw | 1 | |
| Dryad | 9 | |
44 total
» upgrades
| Druid of the Claw Training | 2 | |
| Reinforced Hides | 2 | |
| Abolish Magic | 1 | |
| Strength of the Wild | 2 | |
7 total
» buildings
| Altar of Elders | 1 | |
| Moon Well | 5 | |
| Ancient of War | 3 | |
| Tree of Ages | 1 | |
| Hunter's Hall | 1 | |
| Ancient of Wonders | 2 | |
| Ancient of Lore | 1 | |
| Tree of Eternity | 1 | |
| Tree of Life | 2 | |
17 total
» build order
00:05 Altar of Elders
00:17 Moon Well
00:45 Ancient of War
01:43 Ancient of War
02:14 Moon Well
03:18 Tree of Ages
03:50 Moon Well
04:58 Hunter's Hall
05:09 Ancient of Wonders
05:27 Ancient of Wonders
05:35 Ancient of War
07:02 Ancient of Lore
08:41 Tree of Eternity
09:28 Moon Well
12:28 Tree of Life
12:37 Moon Well
15:48 Tree of Life
» items
| Orb of Venom | 1 | |
| Scroll of Town Portal | 1 | |
2 total
team 2 (winner)
7.38 (
red | 69 APM | 1478 actions | 21:16)
5 Archmage
3 Blizzard
2 Brilliance Aura
4 Blood Mage
2 Flame Strike
2 Siphon Mana
» actions
| Assign group hotkey | 41 | |
| Basic commands | 125 | |
| Build / train | 67 | |
| Enter build submenu | 33 | |
| Enter hero's abilities submenu | 9 | |
| Give item / drop item | 3 | |
| Right click | 632 | |
| Select / deselect | 225 | |
| Select group hotkey | 241 | |
| Use ability | 102 | |
1478 total
» units
| Peasant | 15 | |
| Gryphon Rider | 4 | |
| Dragonhawk Rider | 1 | |
20 total
» upgrades
| Swords | 2 | |
| Armor | 2 | |
| Cloud | 1 | |
| Masonry | 2 | |
| Storm Hammers | 1 | |
8 total
» buildings
| Altar of Kings | 1 | |
| Farm | 12 | |
| Arcane Vault | 2 | |
| Lumber Mill | 1 | |
| Scout Tower | 11 | |
| Arcane Tower | 1 | |
| Keep | 1 | |
| Guard Tower | 3 | |
| Blacksmith | 1 | |
| Castle | 1 | |
| Gryphon Aviary | 3 | |
| Arcane Sanctum | 1 | |
38 total
» build order
00:07 Altar of Kings
00:26 Farm
00:27 Farm
00:41 Arcane Vault
01:05 Lumber Mill
01:17 Scout Tower
02:03 Farm
02:07 Arcane Tower
03:18 Scout Tower
03:18 Scout Tower
03:19 Scout Tower
03:43 Scout Tower
03:43 Scout Tower
04:07 Keep
05:28 Guard Tower
05:31 Blacksmith
06:32 Castle
07:43 Gryphon Aviary
07:44 Gryphon Aviary
08:04 Farm
08:08 Farm
08:08 Farm
11:21 Farm
12:41 Farm
12:43 Farm
12:45 Scout Tower
12:46 Scout Tower
13:13 Scout Tower
13:14 Scout Tower
13:22 Guard Tower
14:15 Guard Tower
14:15 Farm
14:18 Gryphon Aviary
14:20 Farm
15:51 Arcane Sanctum
16:01 Farm
17:05 Scout Tower
21:05 Arcane Vault
» items
| Mechanical Critter | 2 | |
| Lesser Clarity Potion | 5 | |
| Scroll of Regeneration | 6 | |
| Boots of Speed | 2 | |
| Staff of Teleportation | 2 | |
| Potion of Healing | 3 | |
| Periapt of Vitality | 1 | |
| Staff of Sanctuary | 1 | |
22 total
Chat log
(04:43 / All) LickMyAss: lol
(04:44 / All) LickMyAss: nice
(15:23 / All) LickMyAss: my hero got stuck fuck
(17:22 / All) LickMyAss: i cant stand this pussy shit
(17:29 / All) 7.38: internet tough guy?
(18:11 / All) 7.38: nice.
(18:18 / All) LickMyAss: i guess i refuse to play pussy shit sorry bro
(18:20 / All) 7.38: lmfao
(18:23 / All) 7.38: tough guy
(18:31 / All) LickMyAss: how is that tough
(18:40 / All) LickMyAss: well, im not lame
(18:42 / All) 7.38: LOL
(18:53 / All) 7.38: no you just carbon copy moons creeping strategy
(18:58 / All) 7.38: that isnt cheap :))
(18:58 / All) LickMyAss: you win like this often??
(19:08 / All) 7.38: depends on how dumb my opponent is
(19:12 / All) LickMyAss: i dont copy shit. im new
(19:19 / All) LickMyAss: what am i supposed to do pro
(19:27 / All) 7.38: your record says you have nearly 400 games
(19:32 / All) 7.38: )so youre not new you just have shit for brains
(19:34 / All) LickMyAss: you must be trying to be pro or something
(19:44 / All) 7.38: only by comparison
(19:47 / All) LickMyAss: i dont try that hard i just play for fun
(19:54 / All) LickMyAss: i can lose all my games
(19:55 / All) LickMyAss: i dont care
(20:02 / All) LickMyAss: i like to battle
(20:03 / All) 7.38: 400 games isnt just for fun its obsessive
(20:03 / All) 7.38: lol
(20:11 / All) LickMyAss: is it?
(20:14 / All) 7.38: yup
(20:18 / All) LickMyAss: lol
(20:28 / All) LickMyAss: I have my
(20:37 / All) LickMyAss: b.a in psychology bro its not
(20:48 / All) 7.38: thats pretty sad
(20:52 / All) 7.38: cant get into med school?
(20:54 / All) LickMyAss: what is
(21:07 / All) LickMyAss: im in the peace corps bro
(21:11 / All) LickMyAss: you suck
(21:13 / All) 7.38: how is africa right now
(21:14 / All) 7.38: lol